 Dungeon Crawl Stone Soup version 0.23-a0-516-g0f8c245 (webtiles) character file.

1439 Leeroy the Charmwright (level 8, -5/64 HPs)
             Began as a Gnoll Skald on Dec 5, 2018.
             Slain by a wolf (8 damage)
             ... led by Grum
             ... on level 8 of the Dungeon.
             The game lasted 00:31:54 (5406 turns).

Leeroy the Charmwright (Gnoll Skald)                Turns: 5406, Time: 00:31:55

Health: -5/64      AC: 10    Str: 20    XL:     8   Next: 74%
Magic:  12/17      EV: 15    Int: 17    God:
Gold:   346        SH:  0    Dex: 14    Spells: 8/19 levels left

rFire    . . .     SeeInvis .   a - +0 falchion
rCold    . . .     Gourm    .   (no shield)
rNeg     . . .     Faith    .   s - +3 leather armour
rPois    .         Spirit   .   F - +0 helmet
rElec    .         Reflect  .   q - +0 cloak
rCorr    .         Harm     .   H - +0 pair of gloves
MR       .....                  (no boots)
Stlth    ++........             (no amulet)
HPRegen  0.20/turn              (no ring)
MPRegen  0.15/turn              (no ring)

@: mighty, very slightly contaminated
A: distributed training, fangs 1, wild magic 2, strong nose
a: no special abilities


You were on level 8 of the Dungeon.
You were not hungry.

You visited 1 branch of the dungeon, and saw 8 of its levels.
You also visited: Sewer.

You collected 346 gold pieces.

Inventory:

Hand Weapons
 a - a +0 falchion (weapon)
 c - a +0 dagger of draining
 e - a +0 dagger
 m - a +0 dagger
 o - a +0 war axe
 w - a +0 flail
 x - a +0 dagger
 y - a +0 hunting sling
 B - a +0 war axe
 C - a +0 shortbow
 G - a +0 short sword
 J - a +0 club
 O - a +0 shortbow
 Q - a +1 hand axe of venom
 R - a +0 morningstar
 T - a +0 falchion
Missiles
 j - 239 stones (quivered)
 l - 123 arrows
 z - 12 tomahawks
 I - 29 poisoned needles
 N - 18 bolts
Armour
 b - a +0 leather armour
 q - a +0 cloak (worn)
 s - a +3 leather armour (worn)
 t - a +0 robe
 v - a +0 ring mail
 D - a +0 chain mail
 F - a +0 helmet (worn)
 H - a +0 pair of gloves (worn)
 M - a +0 scale mail
Jewellery
 g - an uncursed ring of poison resistance
 h - a cursed -2 ring of intelligence
 A - the ring "Uxuq" {Wiz Int+3, unknown}
   (You found it on level 4 of the Dungeon)

   [ring of wizardry]

   It improves your spell success rate.
   It affects your intelligence (+3).
 E - an uncursed ring of wizardry {unknown}
Wands
 K - a wand of scattershot (7)
Scrolls
 f - 3 scrolls of blinking
 i - 7 scrolls of remove curse
 p - a scroll of immolation
 r - 3 scrolls of magic mapping {unknown}
 u - a scroll of enchant weapon {unknown}
 L - 2 scrolls of identify
Potions
 k - 3 potions of agility
 n - a potion of mutation
 P - a potion of cancellation
Comestibles
 d - 9 rations


   Skills:
 + Level 5.8 Fighting
 + Level 3.4 Short Blades
 + Level 5.8 Long Blades
 + Level 3.4 Axes
 + Level 3.4 Maces & Flails
 + Level 3.4 Polearms
 + Level 3.4 Staves
 + Level 3.4 Slings
 + Level 3.4 Bows
 + Level 3.4 Crossbows
 + Level 3.4 Throwing
 + Level 4.4 Armour
 + Level 5.8 Dodging
 + Level 3.4 Stealth
 + Level 3.4 Shields
 + Level 3.4 Unarmed Combat
 + Level 6.1 Spellcasting
 + Level 2.8 Conjurations
 + Level 2.8 Hexes
 + Level 6.2 Charms
 + Level 2.8 Summonings
 + Level 2.8 Necromancy
 + Level 2.8 Translocations
 + Level 2.8 Transmutations
 + Level 2.8 Fire Magic
 + Level 2.8 Ice Magic
 + Level 2.8 Air Magic
 + Level 2.8 Earth Magic
 + Level 2.8 Poison Magic
 + Level 3.8 Invocations
 + Level 3.4 Evocations


You had 8 spell levels left.
You knew the following spells:

 Your Spells              Type           Power        Failure   Level  Hunger
a - Infusion              Chrm           ####         4%          1    None
b - Song of Slaying       Chrm           #####...     5%          2    None
c - Shroud of Golubria    Chrm/Tloc      ####......   9%          2    None
d - Regeneration          Chrm/Necr      ####......   16%         3    ##.....
e - Spectral Weapon       Hex/Chrm       ####....     16%         3    ##.....

Your spell library contained the following spells:

 Spells                   Type           Power        Failure   Level  Hunger


Dungeon Overview and Level Annotations

Branches:
Dungeon (8/15)
 Temple: D:4-7         Lair: D:8-11

Altars:
Yredelemnul

Shops:
D:5 (

Annotations:
D:6 2 transporters, Amnesiac's ghost, novice SpEn
D:7 1 runed door, aspa's ghost, novice OpWz
D:8 Grum


Innate Abilities, Weirdness & Mutations

Your experience applies equally to all skills.
You have very sharp teeth.
Your uncanny sense of smell can sniff out nearby items.
Your spells are harder to cast, but more powerful.


Message History

Casting: Regeneration (safe; 16% risk of failure)
Confirm with . or Enter, or press ? or * to list all spells.
You draw out your weapon's spirit!
The wolf barely misses you.
You riposte.
You hit the wolf.
The wolf is almost dead.
The wolf bites you but does no damage. The worker ant closely misses you.
The worker ant bites you but does no damage.
Grum barely misses you. The wolf misses you. x2; You riposte.
You barely miss the wolf.
The wolf is moderately wounded.
You slash the worker ant!
The worker ant is severely wounded.
The wolf closely misses you. The wolf bites you. The worker ant bites you.
The worker ant closely misses you.
Your spectral weapon hits the worker ant!
You kill the worker ant!
Grum hits you from afar with a +0 glaive!!
* * * LOW HITPOINT WARNING * * *
The wolf bites you!
You die...

#.##.# #..##.<.## #.#
...# #.##.##
#.<##....## #.# .r..
......# #.........#
#.##..####...##.#..#
∆ #
#......)..##.#..###.#
#.######............#
#.# ##.##.#g.###.#
#.# #.##.#h%# #.#
#....@..# #.
####.ah(....( #.
#....$....
#..(..>....
#..........
#..........
###.#<..... .#....)


You could see Grum, 2 wolves, a worker ant and a friendly spectral +0 falchion.

Vanquished Creatures
  Purgy (Sewer)
  A phantom (D:6)
  An ogre (D:4)
  2 centaurs
  2 bullfrogs
  A howler monkey (D:4)
  4 crimson imps
  A centaur zombie (D:8)
  4 hounds
  An orc priest (D:5)
  Jessica (D:2)
  A bullfrog skeleton (D:6)
  An iguana (D:8)
  7 orc wizards
  3 worker ants
  A worker ant zombie (D:5)
  7 adders
  An adder zombie (D:5)
  4 worms
  A dart slug (D:1)
  5 leopard geckos
  26 orcs
  5 giant cockroaches
  12 goblins
  7 hobgoblins
  4 jackals
  A quokka (D:3)
  8 bats
  2 frilled lizards
  8 kobolds
  A quokka skeleton (D:5)
  A quokka zombie (D:8)
  10 rats
135 creatures vanquished.

Vanquished Creatures (others)
  2 spectral weapons
2 creatures vanquished.

Grand Total: 137 creatures vanquished

Notes
Turn   | Place    | Note
-------+----------+-------------------------------------------
     0 | D:1      | Leeroy the Gnoll Skald began the quest for the Orb.
     0 | D:1      | Reached XP level 1. HP: 20/20 MP: 6/6
   196 | D:1      | Reached XP level 2. HP: 19/26 MP: 7/7
   626 | D:2      | Reached XP level 3. HP: 29/31 MP: 9/9
   726 | D:2      | Reached skill level 5 in Spellcasting
   735 | D:2      | Learned a level 2 spell: Song of Slaying
   738 | D:2      | Learned a level 2 spell: Shroud of Golubria
   742 | D:2      | Learned a level 3 spell: Regeneration
   746 | D:2      | Learned a level 3 spell: Spectral Weapon
   808 | D:2      | Noticed Jessica
   827 | D:2      | Killed Jessica
   827 | D:2      | Reached skill level 1 in Short Blades
   827 | D:2      | Reached skill level 1 in Axes
   827 | D:2      | Reached skill level 1 in Maces & Flails
   827 | D:2      | Reached skill level 1 in Polearms
   827 | D:2      | Reached skill level 1 in Staves
   827 | D:2      | Reached skill level 1 in Slings
   827 | D:2      | Reached skill level 1 in Bows
   827 | D:2      | Reached skill level 1 in Crossbows
   827 | D:2      | Reached skill level 1 in Throwing
   827 | D:2      | Reached skill level 1 in Stealth
   827 | D:2      | Reached skill level 1 in Shields
   827 | D:2      | Reached skill level 1 in Unarmed Combat
   827 | D:2      | Reached skill level 1 in Invocations
   827 | D:2      | Reached skill level 1 in Evocations
   827 | D:2      | Reached XP level 4. HP: 38/38 MP: 7/11
  1027 | D:2      | Reached skill level 1 in Conjurations
  1027 | D:2      | Reached skill level 1 in Hexes
  1027 | D:2      | Reached skill level 1 in Summonings
  1027 | D:2      | Reached skill level 1 in Necromancy
  1027 | D:2      | Reached skill level 1 in Translocations
  1027 | D:2      | Reached skill level 1 in Transmutations
  1027 | D:2      | Reached skill level 1 in Fire Magic
  1027 | D:2      | Reached skill level 1 in Ice Magic
  1027 | D:2      | Reached skill level 1 in Air Magic
  1027 | D:2      | Reached skill level 1 in Earth Magic
  1027 | D:2      | Reached skill level 1 in Poison Magic
  1467 | D:3      | Found a basalt altar of Yredelemnul.
  1520 | D:3      | Reached XP level 5. HP: 18/43 MP: 1/12
  1568 | D:3      | Found a glowing drain.
  1573 | Sewer    | Entered a sewer
  1630 | Sewer    | Noticed Purgy
  1681 | Sewer    | Gained mutation: Your spells are a little harder to cast,
                  | but a little more powerful. [potion of mutation]
  1681 | Sewer    | Gained mutation: Your spells are harder to cast, but more
                  | powerful. [potion of mutation]
  1880 | Sewer    | Killed Purgy
  1880 | Sewer    | Reached XP level 6. HP: 46/50 MP: 5/13
  2123 | D:3      | Reached skill level 5 in Fighting
  2123 | D:3      | Reached skill level 5 in Long Blades
  2123 | D:3      | Reached skill level 5 in Dodging
  2714 | D:4      | Got a brightly glowing bronze ring
  2850 | D:4      | Reached XP level 7. HP: 46/56 MP: 15/15
  3263 | D:5      | Entered Level 5 of the Dungeon
  3699 | D:5      | Found Giraes's Weapon Shop.
  3864 | D:5      | Reached XP level 8. HP: 63/63 MP: 16/16
  4370 | D:6      | Noticed Amnesiac's ghost (novice SpEn)
  4378 | D:6      | Noticed a queen bee
  4423 | D:6      | Found a transporter.
  4428 | D:6      | Found a transporter.
  5021 | D:7      | Found a runed door.
  5022 | D:7      | Noticed aspa's ghost (novice OpWz)
  5232 | D:8      | Noticed Grum
  5406 | D:8      | HP: 3/64 [Grum/+0 glaive (18)]
  5406 | D:8      | Slain by a wolf

Vault maps used:
D:1:      shiori_shiawase
D:2:      uniq_jessica
D:3:      old_standard_altar, portal_sewer_entry_e
D:4:      first_ration, minmay_ogre_servants
D:5:      serial_shops, shop, chequers_avenue
D:6:      gammafunk_ghost_hive
D:7:      temple_hall, ebering_ghost_reflecting_pool
D:8:      lair_entry_dummy, uniq_gastronok, uniq_grum
Sewer:    sewer_the_crocodile

Skill      XL: |  1  2  3  4  5  6  7  8 |
---------------+-------------------------+-----
Spellcasting   | 5 6 |  6.1
Short Blades   | 1 2 3 |  3.4
Axes           | 1 2 3 |  3.4
Maces & Flails | 1 2 3 |  3.4
Polearms       | 1 2 3 |  3.4
Staves         | 1 2 3 |  3.4
Slings         | 1 2 3 |  3.4
Bows           | 1 2 3 |  3.4
Crossbows      | 1 2 3 |  3.4
Throwing       | 1 2 3 |  3.4
Stealth        | 1 2 3 |  3.4
Shields        | 1 2 3 |  3.4
Unarmed Combat | 1 2 3 |  3.4
Invocations    | 1 2 3 |  3.8
Evocations     | 1 2 3 |  3.4
Conjurations   | 1 2 |  2.8
Hexes          | 1 2 |  2.8
Summonings     | 1 2 |  2.8
Necromancy     | 1 2 |  2.8
Translocations | 1 2 |  2.8
Transmutations | 1 2 |  2.8
Fire Magic     | 1 2 |  2.8
Ice Magic      | 1 2 |  2.8
Air Magic      | 1 2 |  2.8
Earth Magic    | 1 2 |  2.8
Poison Magic   | 1 2 |  2.8
Armour         | 3 4 |  4.4
Fighting       | 5 |  5.8
Long Blades    | 5 |  5.8
Dodging        | 5 |  5.8
Charms         | 6 |  6.2

Action                   |  1- 3 |  4- 6 |  7- 9 || total
-------------------------+-------+-------+-------++-------
Melee: Falchion          |    90 |   164 |   310 ||   564
       Bite              |    13 |    18 |    44 ||    75
       Punch             |       |     2 |     4 ||     6
Throw: Stone             |     1 |     1 |    10 ||    12
       Tomahawk          |       |     7 |       ||     7
 Cast: Infusion          |     2 |     2 |     3 ||     7
       Spectral Weapon   |     1 |     7 |     9 ||    17
       Shroud of Golubri |       |     6 |     4 ||    10
       Regeneration      |       |     4 |     8 ||    12
       Song of Slaying   |       |     1 |       ||     1
  Use: Potion            |       |    12 |     5 ||    17
       Scroll            |       |     9 |     2 ||    11
 Stab: Sleeping          |       |     2 |     2 ||     4
  Eat: Chunk             |       |     7 |     8 ||    15
       Ration            |       |       |     1 ||     1
Armor: Leather armour    |    20 |    29 |   122 ||   171
       Ring mail         |       |    53 |       ||    53
       Skin              |       |    76 |    28 ||   104
Dodge: Dodged            |    95 |   187 |   326 ||   608
       Rpst.: Falchion   |    25 |    55 |    96 ||   176

Table legend:
 A = Non-vault XP
 B = Vault XP
 C = Vault XP percentage of total XP
 D = Non-vault monster count
 E = Vault monster count
 F = Vault count percentage of total count
                 A         B        C        D         E       F
            +---------+---------+-------+---------+---------+-------
      Total |    1740 |     316 |  15.4 |     119 |      16 |  11.9
            +---------+---------+-------+---------+---------+-------
        D:1 |      29 |       0 |   0.0 |      18 |       0 |   0.0
        D:2 |      90 |      37 |  29.1 |      23 |       1 |   4.2
        D:3 |     269 |       0 |   0.0 |      22 |       0 |   0.0
        D:4 |     196 |     134 |  40.6 |      12 |       9 |  42.9
        D:5 |     397 |       0 |   0.0 |      20 |       0 |   0.0
        D:6 |     537 |       0 |   0.0 |      16 |       0 |   0.0
        D:7 |      88 |       0 |   0.0 |       2 |       0 |   0.0
        D:8 |     134 |       0 |   0.0 |       6 |       0 |   0.0
      Sewer |       0 |     145 | 100.0 |       0 |       6 | 100.0
            +---------+---------+-------+---------+---------+-------
